 Dungeon Crawl Stone Soup version 0.29.1-15-g9cfb28693d (webtiles) character file.

Game seed: 6796341459264354643

342 Descartes the Sneak (level 6, 0/27 (30) HPs)
             Began as a Spriggan Wanderer on Apr 29, 2023.
             Slain by Edmund
             ... wielding a +2 flail of draining
              (13 damage)
             ... on level 5 of the Dungeon.
             The game lasted 00:13:03 (5686 turns).

Descartes the Sneak (Spriggan Wanderer)             Turns: 5686, Time: 00:13:03

HP:   0/27 (30)     AC:  2    Str:  5    XL:     6   Next: 30%
MP:   5/11          EV: 18    Int: 17    God:
Gold: 123           SH:  0    Dex: 19    Spells: 8/11 levels left

rFire   + . .      SeeInvis +   a - +9 flail of Uskayaw {flame, rF+ Dex+3}
rCold   . . .      Faith    .   (no shield)
rNeg    . . .      Spirit   .   d - +0 robe
rPois   .          Reflect  .   b - +0 hat
rElec   .          Harm     .   (no cloak)
rCorr   .          Rampage  .   (gloves unavailable)
Will    +....                   (boots unavailable)
Stlth   +++.......              (no amulet)
HPRegen 0.09/turn               (no ring)
MPRegen 0.12/turn               (no ring)

@: very slightly contaminated, heavily drained, very quick
A: very small, no large weapons, unfitting armour, see invisible, speed 3
a: no special abilities


You were on level 5 of the Dungeon.
You visited 1 branch of the dungeon, and saw 5 of its levels.

You collected 123 gold pieces.

Inventory:

Hand Weapons
 a - the +9 flail of Uskayaw (weapon) {flame, rF+ Dex+3}
   (You found it on level 2 of the Dungeon)

   It burns those it strikes, dealing additional fire damage.
   Dex:       It affects your dexterity (+3).
   rF:        It protects you from fire.
 j - a +2 short sword of draining
Armour
 b - a +0 hat (worn)
 d - a +0 robe (worn)
Jewellery
 l - a ring of ice
Scrolls
 e - 2 scrolls of blinking {unknown}
 f - 2 scrolls of teleportation {unknown}
 g - 4 scrolls of identify {unknown}
 h - 3 scrolls of enchant armour {unknown}
 k - a scroll of summoning {unknown}
 m - a scroll of fear {unknown}
 n - a scroll of noise {unknown}
 p - a scroll of poison {unknown}
 q - a scroll of torment {unknown}
Potions
 c - 2 potions of attraction
 i - a potion of curing {unknown}
 o - a potion of might
 r - a potion of degeneration {unknown}


   Skills:
 - Level 1.5 Fighting
 - Level 1.8 Short Blades
 + Level 3.1 Dodging
 + Level 5.9 Stealth
 + Level 3.1 Spellcasting
 + Level 1.4 Conjurations
 + Level 3.0 Translocations
 + Level 3.6 Air Magic
 - Level 0.7 Poison Magic


You had 8 spell levels left.
You knew the following spells:

 Your Spells              Type           Power      Damage    Failure   Level
a - Shock                 Conj/Air       44%        1d5       6%          1
b - Blink                 Tloc           26%        N/A       8%          2

Your spell library contained the following spells:

 Spells                   Type           Power      Damage    Failure   Level
 Poisonous Vapours        Pois/Air       20%        N/A       11%         2
 Lesser Beckoning         Tloc           13%        N/A       14%         3
 Airstrike                Air            7%         2d(2-18)  36%         4
 Ozocubu's Armour         Ice            2%         N/A       45%         3
 Manifold Assault         Tloc           13%        N/A       80%         5
 Ozocubu's Refrigeration  Ice            1%         4d7       100%        7


Dungeon Overview and Level Annotations

Branches:
Dungeon (5/15)
 Temple: D:4-7

Altars:
Sif Muna

Shops:
D:2 =

Annotations:
D:1 1 runed translucent door
D:5 Edmund


Innate Abilities, Weirdness & Mutations

You are very small and have problems with some larger weapons.
You are too small for most types of armour.
You have supernaturally acute eyesight. (SInv)
You cover ground extremely quickly. (Speed+++)


Message History

Aim: Edmund, wielding a +2 flail of draining, wearing a +0 leather armour and wearing a ring of wizardry (lightly wounded, 68% to hit)
You miscast Shock.
You are very lightly contaminated with residual magic.
Nothing appears to happen.
Edmund hits you with a +2 flail of draining!
You feel drained.
Casting: Shock (safe; 6% risk of failure)
Confirm with . or Enter, or press ? or * to list all spells.
Aiming: Shock (safe; 6% risk of failure)
Press: ? - help, Shift-Dir - straight line, p - Edmund The zap misses Edmund.
The zap hits Edmund.
Edmund is moderately wounded.
Edmund hits you with a +2 flail of draining.
You feel drained.
Unknown command.
Casting: Shock (safe; 6% risk of failure)
Confirm with . or Enter, or press ? or * to list all spells.
Aiming: Shock (safe; 6% risk of failure)
Press: ? - help, Shift-Dir - straight line The zap hits Edmund but does no damage.
Edmund is moderately wounded.
The zap hits Edmund.
Edmund is moderately wounded.
Edmund hits you with a +2 flail of draining.
You feel drained.
Casting: Shock (safe; 6% risk of failure)
Confirm with . or Enter, or press ? or * to list all spells.
Aiming: Shock (safe; 6% risk of failure)
Press: ? - help, Shift-Dir - straight line The zap misses Edmund.
The zap hits Edmund.
Edmund is moderately wounded.
Edmund closely misses you.
Unknown command.
You thump Edmund! You burn Edmund.
Edmund is severely wounded.
Edmund misses you.
You hit Edmund. You burn Edmund.
Edmund is almost dead.
Edmund hits you with a +2 flail of draining!
You die...

. ##. #.. #####
#.# .(.#########
#.# .....##...##
#.#
#.##.#.###.####<#
#.##.#.# #......#
#..@@..###.######
#......###.##...##
#...... #.######
....... ..#
###...# #### ....#
####. #.


You could see Edmund.

Vanquished Creatures
  A black bear (D:5)
  An ogre (D:4)
  An orc wizard (D:4)
  Robin (D:2)
  5 adders
  3 worms
  3 dart slugs
  2 orcs
  4 ball pythons
  6 endoplasms
  2 giant cockroaches
  10 goblins
  7 hobgoblins
  6 jackals
  3 quokkas
  4 bats
  13 frilled lizards
  2 kobolds
  6 rats
80 creatures vanquished.

Vanquished Creatures (others)
  7 plants
  18 withered plants (D:2)
25 creatures vanquished.

Grand Total: 105 creatures vanquished

Notes
Turn   | Place    | Note
-------+----------+-------------------------------------------
     0 | D:1      | Descartes the Spriggan Wanderer began the quest for the
                  | Orb.
     0 | D:1      | Descartes set off with the following items: a +0 short
                  | sword, a +0 hat, a potion of attraction, a +0 robe; and the
                  | following spell memorised: Shock; and the following spells
                  | available to memorise: Poisonous Vapours, Airstrike.
     0 | D:1      | Reached XP level 1. HP: 10/10 MP: 3/3
     1 | D:1      | Found a runed translucent door.
   356 | D:1      | Reached XP level 2. HP: 13/14 MP: 5/5
   959 | D:1      | Reached skill level 1 in Dodging
  1401 | D:1      | Learned a level 2 spell: Blink
  1621 | D:2      | Reached XP level 3. HP: 18/18 MP: 1/6
  2029 | D:2      | Identified the -1 helmet of Hiqiroce {Regen+ MP+9}
  2029 | D:2      | Noticed Robin
  2224 | D:2      | Identified the +9 flail of Uskayaw {flame, rF+ Dex+3}
  2250 | D:2      | Found a faded altar of an unknown god.
  2444 | D:2      | Reached skill level 1 in Translocations
  2549 | D:2      | Reached XP level 4. HP: 22/22 MP: 1/8
  2786 | D:2      | Found Exumaxzu's Jewellery Shop.
  3035 | D:2      | Killed Robin
  3445 | D:3      | Reached skill level 5 in Stealth
  4421 | D:4      | Noticed an ogre
  4441 | D:4      | Killed an ogre
  4442 | D:4      | Reached skill level 1 in Conjurations
  4442 | D:4      | Reached XP level 5. HP: 2/25 MP: 5/10
  5158 | D:4      | Found a shimmering blue altar of Sif Muna.
  5531 | D:5      | Entered Level 5 of the Dungeon
  5549 | D:5      | Noticed a black bear
  5573 | D:5      | Killed a black bear
  5574 | D:5      | Reached XP level 6. HP: 21/30 MP: 3/11
  5674 | D:5      | Noticed Edmund
  5686 | D:5      | Slain by Edmund

Illustrated notes

Levels and vault maps discovered:
D:1:      dpeg_arrival_caged_fury, layout_basic, minmay_lizard_king
D:2:      layout_rooms, serial_glass, glass_columns_b, glass_columns_a,
          shapermc_ecumenical_altar_flowoftime, serial_shops, shop, uniq_robin
D:3:      layout_basic
D:4:      layout_basic, tgw_sif
D:5:      layout_loops_cross, minmay_temple_entry_hall, minmay_misc_feat_room,
          uniq_edmund, uniq_prince_ribbit1

Skill      XL: |  1  2  3  4  5 |
---------------+----------------+-----
Dodging        | 1 2 3 |  3.1
Air Magic      | 3 |  3.6
Translocations | 1 2 3 |  3.0
Spellcasting   | 2 3 |  3.1
Stealth        | 5 |  5.9
Conjurations   | 1 |  1.4
Fighting       | |  1.5
Short Blades   | |  1.8
Poison Magic   | |  0.7

Action                   |  1- 3 |  4- 6 || total
-------------------------+-------+-------++-------
Melee: Short sword       |    67 |       ||    67
       Flail             |       |    28 ||    28
 Cast: Shock             |    64 |   106 ||   170
  Use: Potion            |     1 |       ||     1
 Stab: Sleeping          |     6 |     1 ||     7
Armor: Robe              |     6 |       ||     6
Dodge: Dodged            |    44 |    29 ||    73
